 Dungeon Sprint DCSS version 0.27-a0-67-g4bfc8a49e1 (webtiles) character file.

Game seed: 13939487048702196534

105 mhtbhm the Geomancer (level 4, -4/36 HPs)
             Began as a Gargoyle Earth Elementalist on Jan 10, 2021.
             Slain by an iguana (12 damage)
             ... in the Dungeon (Sprint IX: "|||||||||||||||||||||||||||||").
             The game lasted 00:00:59 (306 turns).

mhtbhm the Geomancer (Gargoyle Earth Elementalist)   Turns: 306, Time: 00:00:59

Health: -4/36      AC:  5    Str: 12    XL:     4   Next: 81%
Magic:  0/11       EV: 12    Int: 16    God:
Gold:   0          SH:  0    Dex: 10    Spells: 10/13 levels left

rFire    . . .     SeeInvis .   a - +0 club
rCold    . . .     Faith    .   (no shield)
rNeg     + . .     Spirit   .   c - +0 robe
rPois    ∞         Reflect  .   (no helmet)
rElec    +         Harm     .   (no cloak)
rCorr    .         Rampage  .   (no gloves)
Will     .....     NoTele   +   (no boots)
Stlth    ..........             (no amulet)
HPRegen  0.12/turn              (no ring)
MPRegen  0.12/turn              (no ring)

@: berserking, very quick
A: negative energy resistance 1, electricity resistance, unbreathing,
petrification resistance, miasma immunity, AC +3
a: no special abilities


You were in the Dungeon.
You visited 1 branch

Inventory:

Hand Weapons
 a - a +0 club (weapon)
Missiles
 b - 15 stones
Armour
 c - a +0 robe (worn)
Scrolls
 i - a scroll of blinking
Potions
 f - a potion of haste
 g - 2 potions of magic


   Skills:
 + Level 0.4 Fighting
 + Level 2.8 Dodging
 - Level 2.4 Stealth
 + Level 5.2 Spellcasting
 + Level 1.1 Transmutations
 + Level 8.5 Earth Magic


You had 10 spell levels left.
You knew the following spells:

 Your Spells              Type           Power        Failure   Level
a - Sandblast             Erth           62%          1%          1
b - Passwall              Tmut/Erth      15%          3%          2

Your spell library contained the following spells:

 Spells                   Type           Power        Failure   Level
 Stone Arrow              Conj/Erth      34%          8%          3
 Lee's Rapid Deconstruct  Erth           15%          12%         5
 Petrify                  Tmut/Erth      19%          21%         4


Dungeon Overview and Level Annotations

Branches:
Dungeon (1/1)

Altars:


Innate Abilities, Weirdness & Mutations

You are resistant to torment.
Your stone body is resilient. (AC +3)
You are immune to poison.
You resist negative energy. (rN+)
You are resistant to electric shocks. (rElec)
You can survive without breathing.
You are immune to petrification.
You are immune to miasma.


Message History

Things that are here:
a +0 short sword; a kobold skeleton
There is an open door to the Dungeon here.
You see here an arrow.
Casting: Sandblast (safe; 1% risk of failure)
Confirm with . or Enter, or press ? or * to list all spells.
Aiming: Sandblast (safe; 1% risk of failure)
Press: ? - help, Shift-Dir - straight line, f - iguana
Aim: an iguana (16% to evade)
The blast of sand hits the iguana but does no damage.
The iguana bites you!
Ouch! That really hurt!
Unknown command.
You feel better. The iguana bites you!
* * * LOW HITPOINT WARNING * * *
Unknown command.
A red film seems to cover your vision as you go berserk!
You feel yourself moving faster!
You feel mighty! The iguana barely misses you.
You hit the iguana but do no damage. The iguana bites you!
You die...

▓▓▓
▓<▓
▓÷▓
▓.▓
▓@▓
▓l▓
▓)▓
▓.▓
▓.▓
▓.▓
▓.▓
▓)▓
▓)▓


You could see an iguana.

Vanquished Creatures
  A centaur (D)
  An adder (D)
  An ooze (D)
  An orc (D)
  A giant cockroach (D)
  A hobgoblin (D)
  A kobold (D)
  2 frilled lizards (D)
9 creatures vanquished.

Notes
Turn   | Place    | Note
-------+----------+-------------------------------------------
     0 | D        | mhtbhm the Gargoyle Earth Elementalist began the quest for
                  | the Orb.
     0 | D        | Reached XP level 1. HP: 10/10 MP: 3/3
     5 | D        | Reached skill level 4 in Earth Magic
    45 | D        | Reached XP level 2. HP: 12/15 MP: 1/5
   279 | D        | Learned a level 2 spell: Passwall
   283 | D        | Noticed a centaur
   285 | D        | Reached skill level 5 in Earth Magic
   291 | D        | Killed a centaur
   292 | D        | Reached skill level 5 in Spellcasting
   292 | D        | Reached skill level 1 in Transmutations
   292 | D        | Reached skill level 8 in Earth Magic
   292 | D        | Reached XP level 3. HP: 19/19 MP: 0/9
   292 | D        | Reached XP level 4. HP: 24/24 MP: 0/11
   306 | D        | Slain by an iguana

Illustrated notes

Levels and vault maps discovered:
D:        linesprint [early_d, line_temple, items_1, d_10, items_2, lair_1,
          lair_end, items_3, orc_1, orc_end, items_4, d_15, swamp_1, shoals_1,
          snake_1, spider_1, d_20, vaults_1, items_5, swamp_end, shoals_end,
          snake_end, spider_end, vaults_end, d_27, items_6, zot_1, zot_end,
          crypt_end, forest_end, elf_end, slime_end, tomb_end, abyss_end,
          pan_hell_end]

Skill      XL: |  1  2 |
---------------+-------+-----
Earth Magic    | 4 8 |  8.5
Spellcasting   | 5 |  5.2
Dodging        | 2 |  2.8
Transmutations | 1 |  1.1
Fighting       | |  0.4
Stealth        | |  2.4

Action                   |  1- 3 |  4- 6 || total
-------------------------+-------+-------++-------
Melee: Unarmed           |     5 |       ||     5
       Club              |       |     4 ||     4
 Cast: Sandblast         |    13 |     2 ||    15
  Use: Potion            |     1 |     2 ||     3
Armor: Robe              |     3 |     1 ||     4
Dodge: Dodged            |     6 |     2 ||     8

Table legend: (Time is in decaauts)
 A = Elapsed time spent in this place.
 B = Non-inter-level travel time spent in this place.
 C = Inter-level travel time spent in this place.
 D = Time resting spent in this place.
 E = Time spent auto-exploring this place.
 F = Levels seen in this place.
 G = Mean time per level.
                   A        B        C        D        E       F      G
               +--------+--------+--------+--------+--------+-----+--------+
         Total |    306 |    306 |      0 |    238 |      0 |   1 |  306.0 |
       Dungeon |    306 |    306 |      0 |    238 |      0 |   1 |  306.0 |
               +--------+--------+--------+--------+--------+-----+--------+

Top non-repeatable levels by time:
       D: 306 daAuts
